 Dungeon Crawl Stone Soup version 0.19-a0-1849-g2383789 (webtiles) character file.

88 sleepydude the Skirmisher (level 4, -12/36 HPs)
             Began as a Demonspawn Berserker on Oct 10, 2016.
             Was a Believer of Trog.
             Killed by divine providence
             ... invoked by an orc priest
              (13 damage)
             ... on level 3 of the Dungeon.
             The game lasted 00:03:11 (1439 turns).

sleepydude the Skirmisher (Demonspawn Berserker)    Turns: 1439, Time: 00:03:11

Health: -12/36     AC:  4    Str: 19    XL:     4   Next: 30%
Magic:  4/4        EV: 12    Int:  8    God:    Trog [**....]
Gold:   57         SH:  0    Dex: 12    Spells: 0 memorised, 3 levels left

rFire  . . .     SeeInvis .     a - +0 mace
rCold  . . .     Gourm    .     k - +0 leather armour
rNeg   . . .     Faith    .     (no shield)
rPois  .         Spirit   .     (no helmet)
rElec  .         Dismiss  .     i - +0 cloak
rCorr  .         Reflect  .     (no gloves)
MR     .....     Harm     .     (no boots)
Stlth  +.........               (no amulet)
                                (no ring)
                                (no ring)

@: no status effects
A: rot immunity
a: Berserk, Trog's Hand, Burn Spellbooks, Renounce Religion


You were on level 3 of the Dungeon.
You worshipped Trog.
Trog was pleased with you.
You were very hungry.

You visited 1 branch of the dungeon, and saw 4 of its levels.

You collected 57 gold pieces.

Inventory:

Hand Weapons
 a - a +0 mace (weapon)
Armour
 b - a +0 ring mail
 i - a +0 cloak (worn)
 k - a +0 leather armour (worn)
Scrolls
 d - 2 scrolls of magic mapping {unknown}
 e - a scroll of random uselessness {unknown}
 g - a scroll of remove curse {unknown}
 h - a scroll of identify {unknown}
Potions
 j - a potion of haste {unknown}
 l - a potion of heal wounds {unknown}
Comestibles
 c - 3 bread rations
 f - 2 fruits


   Skills:
 + Level 3.6 Fighting
 + Level 3.6 Maces & Flails
 + Level 2.2 Armour
 + Level 2.4 Dodging


You had 3 spell levels left.
You didn't know any spells.

Dungeon Overview and Level Annotations

Branches:
Dungeon (4/15)
 Temple: D:4-7

Altars:
Uskayaw


Innate Abilities, Weirdness & Mutations

You are immune to rotting.


Message History

* * * LOW HITPOINT WARNING * * *
You closely miss the orc priest.
The orc priest is lightly wounded.
The orc priest hits you but does no damage.
The orc completely misses you.
You barely miss the orc priest.
The orc priest is lightly wounded.
The orc priest miscasts a cantrip.
The orc hits you from afar with a trident.
* * * LOW HITPOINT WARNING * * *
The orc priest hits you with a short sword.
* * * LOW HITPOINT WARNING * * *
You are too injured to fight recklessly!
You hit the orc priest.
The orc priest is moderately wounded.
The orc hits you from afar with a trident.
* * * LOW HITPOINT WARNING * * *
The orc priest calls down the wrath of Beogh upon you.
Beogh smites you!
You die...

## #. ############
≈ #.g #...........
≈≈#####≈≈≈≈≈≈≈≈≈≈≈
≈≈≈≈≈≈≈≈≈≈≈≈≈≈≈≈≈≈
≈≈≈≈≈≈≈≈≈≈≈≈≈≈≈≈≈≈
..................
........@.>.......
#########o##..##..
#o# .# #o# # #.#
#)# #......)......
#.####........
.........


You could see an orc priest, a gnoll and 2 orcs.

Vanquished Creatures
  A gnoll (D:3)
  An adder (D:2)
  2 worms
  3 dart slugs
  A leopard gecko (D:1)
  7 orcs
  A ball python (D:1)
  6 bats
  2 giant cockroaches (D:1)
  3 goblins
  8 hobgoblins (D:1)
  3 jackals (D:3)
  A kobold (D:1)
  3 frilled lizards
  5 rats
47 creatures vanquished.

Vanquished Creatures (others)
  A fungus (D:4)
  A plant (D:4)
  7 toadstools (D:1)
9 creatures vanquished.

Grand Total: 56 creatures vanquished

Notes
Turn   | Place    | Note
-------+----------+-------------------------------------------
     0 | D:1      | sleepydude the Demonspawn Berserker began the quest for the Orb.
     0 | D:1      | Reached XP level 1. HP: 18/18 MP: 1/1
   128 | D:1      | Gained mutation: You are immune to rotting. [demonic ancestry]
   128 | D:1      | Reached XP level 2. HP: 22/24 MP: 2/2
   726 | D:1      | Reached XP level 3. HP: 20/29 MP: 3/3
   964 | D:2      | Found a hide-covered altar of Uskayaw.
   964 | D:2      | Noticed a hand axe
   965 | D:2      | Noticed a dagger
  1036 | D:2      | You fall through a shaft for 2 floors!
  1066 | D:4      | Reached ** piety under Trog
  1270 | D:3      | Reached XP level 4. HP: 18/35 MP: 4/4
  1439 | D:3      | HP: 1/36 [orc/trident (1)]
  1439 | D:3      | Killed from afar by an orc priest

Vault maps used:
D:1:      nagdon_arrival_double_spiral, roderic_roman_lattice,
          serial_bayou_pond_e
D:2:      fedhas_altar_1, dancing_weapons_uskayaw, uniq_crazy_yiuf_cottage
D:3:      lemuel_castle_with_subvaults, ecumenical_altar_1,
          corexii_hall_statues_s, uniq_jessica
D:4:      nicolae_ru_the_path_less_chosen, lemuel_doored_altar, zin_academy,
          first_bread, uniq_sigmund

Skill      XL: |  1  2 |
---------------+-------+-----
Armour         | 2 |  2.2
Dodging        | 2 |  2.4
Maces & Flails | 3 |  3.6
Fighting       | |  3.6

Action                   |  1- 3 |  4- 6 || total
-------------------------+-------+-------++-------
Melee: Mace              |   126 |    27 ||   153
Invok: Berserk           |       |     1 ||     1
  Eat: Fruit             |       |     1 ||     1
       Chunk             |       |     1 ||     1
Armor: Animal skin       |    24 |       ||    24
       Leather armour    |    36 |     8 ||    44
Dodge: Dodged            |   113 |    16 ||   129
